 Dungeon Crawl Stone Soup version 0.27-a0-1245-g940ed4fa31 (webtiles) character file.

Game seed: 11044467690323522918

51 robertstho the Shooter (level 3, -1/30 HPs)
             Began as a Hill Orc Hunter on June 9, 2021.
             Slain by a kobold
             ... wielding a +0 club
              (2 damage)
             ... on level 2 of the Dungeon.
             The game lasted 00:02:09 (1863 turns).

robertstho the Shooter (Hill Orc Hunter)            Turns: 1863, Time: 00:02:09

Health: -1/30      AC:  9    Str: 15    XL:     3   Next: 83%
Magic:  3/3        EV: 10    Int: 11    God:
Gold:   66         SH:  0    Dex: 11    Spells: 2/2 levels left

rFire    . . .     SeeInvis .   a - +1 shortbow
rCold    . . .     Faith    .   (shield currently unavailable)
rNeg     . . .     Spirit   .   e - +0 ring mail
rPois    .         Reflect  .   (no helmet)
rElec    .         Harm     .   (no cloak)
rCorr    .         Rampage  .   (no gloves)
Will     .....                  (no boots)
Stlth    +.........             (no amulet)
HPRegen  0.10/turn              i - +4 ring of protection
MPRegen  0.08/turn              (no ring)

@: no status effects
A: no striking features
a: Convert to Beogh


You were on level 2 of the Dungeon.
You visited 1 branch of the dungeon, and saw 2 of its levels.

You collected 66 gold pieces.

Inventory:

Hand Weapons
 a - a +1 shortbow (weapon)
 b - a +0 short sword
Missiles
 d - 13 arrows (quivered ammo)
 l - 7 curare-tipped darts
Armour
 e - a +0 ring mail (worn)
Jewellery
 i - a +4 ring of protection (left hand)
Scrolls
 f - a scroll of noise
 g - a scroll of identify
 h - a scroll of fear {unknown}
 j - a scroll of fog {unknown}
 k - a scroll of enchant armour {unknown}
 m - 2 scrolls of blinking {unknown}
Potions
 c - 2 potions of curing {unknown}
 n - a potion of haste {unknown}
 o - a potion of flight {unknown}


   Skills:
 * Level 2.8 Fighting
 * Level 4.7 Bows
 + Level 0.2 Armour
 + Level 1.5 Dodging
 - Level 0.7 Stealth


You had 2 spell levels left.
You didn't know any spells.
Your spell library was empty.

Dungeon Overview and Level Annotations

Branches:
Dungeon (2/15)

Altars:
Vehumet

Shops:
D:2 *


Message History

The orc shouts!
The arrow hits the orc priest but does no damage.
An orc comes into view. It is wielding a +2 dagger of pain.
You shoot an arrow. The arrow closely misses the orc.
The orc shouts!
You shoot an arrow. The arrow hits the orc.
The orc is almost dead.
The orc priest shouts, "Beogh is our master!
Accept the truth or die!"
The orc priest looks satisfied for a moment.
A kobold comes into view. It is wielding a +0 short sword.
You shoot an arrow. The kobold shouts!
The arrow hits the orc.
You kill the orc!
The orc priest shouts, "Join the one true god or die!"
You shoot an arrow. The arrow barely misses the orc priest.
Unknown command.
The orc priest calls down the wrath of Beogh upon you.
Beogh smites you!
Ouch! That really hurt!
The kobold closely misses you.
You see here 22 bolts.
Fire: 15 arrows
Press: ? - help, Q - select action, (/) - cycle Shift-Dir - straight line, f/p - orc priest
Aim: an orc priest, wielding a +0 hand axe and wearing a +0 ring mail (64% to hit)
You shoot an arrow. The arrow barely misses the kobold.
The arrow hits the orc priest but does no damage.
The orc priest threatens, "By the altar or by the axe, you will meet Beogh!"
The orc priest calls down the wrath of Beogh upon you.
Beogh smites you!
* * * LOW HITPOINT WARNING * * *
Fire: 14 arrows
Press: ? - help, Q - select action, (/) - cycle Shift-Dir - straight line, f/p - orc priest
Aim: an orc priest, wielding a +0 hand axe and wearing a +0 ring mail (64% to hit)
You shoot an arrow. The arrow closely misses the kobold.
The arrow hits the orc.
The orc is moderately wounded.
The orc priest calls upon Beogh to heal the orc.
The orc's wounds heal themselves!
The kobold hits you with a +0 club.
You die...

.(......# #.#
........# #.#
.....(K.# #.#
........###.#
......o.o.#.#
........#o#.##
........#.#..#
........#K##.#
#########@##.#
#.##.# #....#
######


You could see an orc priest, an orc and a kobold.

Vanquished Creatures
  An adder (D:2)
  A worm (D:2)
  An orc (D:2)
  2 ball pythons (D:1)
  5 bats
  4 endoplasms
  4 goblins
  A hobgoblin (D:2)
  4 jackals (D:1)
  A quokka (D:2)
  3 frilled lizards (D:1)
  3 kobolds
  6 rats
36 creatures vanquished.

Notes
Turn   | Place    | Note
-------+----------+-------------------------------------------
     0 | D:1      | robertstho the Hill Orc Hunter began the quest for the Orb.
     0 | D:1      | Reached XP level 1. HP: 18/18 MP: 1/1
   331 | D:1      | Reached XP level 2. HP: 8/25 MP: 2/2
   333 | D:1      | Reached skill level 4 in Bows
   841 | D:1      | Reached XP level 3. HP: 11/30 MP: 3/3
  1461 | D:2      | Found a radiant altar of Vehumet.
  1848 | D:2      | Found Zitham's Assorted Antiques.
  1862 | D:2      | HP: 1/30 [orc priest/divine providence (14)]
  1863 | D:2      | Slain by a kobold

Illustrated notes

Levels and vault maps discovered:
D:1:      psy_arrival_fountain, layout_rooms, minmay_misc_feat_ornament
D:2:      layout_basic, basic_altar, serial_shops, shop

Skill      XL: |  1  2 |
---------------+-------+-----
Bows           | 4 |  4.7
Fighting       | |  2.8
Armour         | |  0.2
Dodging        | |  1.5
Stealth        | |  0.7

Action                   || total
-------------------------++-------
Melee: Short sword       ||    15
 Fire: Shortbow          ||   112
  Use: Scroll            ||     2
Armor: Leather armour    ||     7
       Ring mail         ||    26
Dodge: Dodged            ||    63

Table legend: (Time is in decaauts)
 A = Elapsed time spent in this place.
 B = Non-inter-level travel time spent in this place.
 C = Inter-level travel time spent in this place.
 D = Time resting spent in this place.
 E = Time spent auto-exploring this place.
 F = Levels seen in this place.
 G = Mean time per level.
                   A        B        C        D        E       F      G
               +--------+--------+--------+--------+--------+-----+--------+
         Total |   1871 |   1857 |     14 |    213 |   1375 |   2 |  935.5 |
       Dungeon |   1871 |   1857 |     14 |    213 |   1375 |   2 |  935.5 |
               +--------+--------+--------+--------+--------+-----+--------+

Top non-repeatable levels by time:
     D:1: 1305 daAuts
     D:2: 565 daAuts
